Map: Triton LE

Players

Mez

  • Race: Terran Terran
  • League: Master
  • Spawn Location: 5:00

A.I. 1 (Very Easy) - Winner!

  • Race: Terran Terran
  • Spawn Location: 11:00

VOD

Have the link to the VOD?

Description

Time

  • Played on: Aug. 26, 2019, 11:29 p.m.
  • Length: 5:44
Show
View Real Time Build Order
Export as new Build Order

Mez Terran 

Build Orders: Banshee Rush 

Get SALT Encoding   

  6  0:00  SCV  
  13  0:12  SCV  
  14  0:18  Supply Depot  
  14  0:24  SCV  
  14  0:27  Refinery  
  15  0:40  SCV  
  16  0:45  Barracks  
  16  0:52  SCV  
  17  1:04  SCV  
  18  1:16  SCV  
  19  1:32  Reaper  
  19  1:33  Orbital Command  
  20  1:54  Supply Depot  
  20  1:58  Bunker  
  20  1:59  Supply Depot  
  21  2:01  Supply Depot  
  20  2:08  Marine  
  20  2:09  Factory  
  21  2:17  SCV  
  22  2:28  Marine  
  23  2:31  SCV, Refinery  
  24  2:43  SCV  
  25  2:48  Marine  
  26  2:53  Supply Depot  
  26  2:55  Starport  
  26  2:57  Hellion  
  28  2:58  SCV  
  29  3:09  Barracks Reactor  
  29  3:10  SCV  
  30  3:21  Factory Tech Lab  
  30  3:23  SCV  
  31  3:27  Command Center  
  31  3:32  Starport Tech Lab  
  34  3:47  Marine x2  
  35  3:52  Cloaking Field  
  35  3:53  Hellion  
  35  3:54  Banshee  
  38  4:06  Marine x2  
  40  4:10  SCV  
  40  4:14  Cyclone  
  44  4:17  Supply Depot  
  44  4:35  SCV  
  44  4:37  Marine x2  
  47  4:38  Banshee  
  47  4:42  Orbital Command  
  50  4:51  Cyclone  
  53  4:55  Marine x2  
  53  4:58  SCV  
  56  5:10  SCV  
  56  5:12  SCV  
  58  5:22  SCV  
Show
View Real Time Build Order
Export as new Build Order

A.I. 1 (Very Easy) Terran - Winner!

Build Orders:  

Get SALT Encoding   

  6  0:00  SCV  
  13  0:13  SCV  
  14  0:18  Supply Depot  
  14  0:37  Refinery  
  14  0:42  Barracks  
  14  1:03  Supply Depot  
  14  1:11  Refinery  
  14  1:28  Orbital Command  
  14  1:29  Barracks Tech Lab  
  14  1:47  Marine  
  16  1:54  SCV  
  16  2:06  SCV  
  17  2:18  SCV  
  18  2:27  Marine  
  19  2:30  SCV  
  20  2:42  SCV  
  21  2:54  SCV  
  22  3:09  Marauder  
  24  4:29  SCV  
  24  5:16  SCV  
  19  5:28  SCV  
Tags
 
League
Master
Matchup
TvT
Race
Terran
Replay Pack
Spawningtool_Mez
Spawn Locations
Cross Positions
Strategy
Banshee Rush
Add a new tag
Caveats
  • Supply blocks, unpowered buildings, or Contaminate may cause inaccurate times.
  • Supply counts are checked every 10 seconds.